 Dungeon Crawl Stone Soup version 0.22.0-13-g43fe8f2 (webtiles) character file.

40541 Hildebrand the Protected (level 13, -19/123 HPs)
             Began as a Minotaur Berserker on Aug 16, 2018.
             Was an Elder of Trog.
             Demolished by a death yak (24 damage)
             ... on level 6 of the Lair of Beasts.
             The game lasted 01:02:15 (15024 turns).

Hildebrand the Protected (Minotaur Berserker)      Turns: 15024, Time: 01:02:15

Health: -19/123    AC: 11    Str: 35    XL:     13   Next: 75%
Magic:  12/12      EV: 18    Int:  6    God:    Trog [****..]
Gold:   797        SH:  0    Dex: 10    Spells: 12/12 levels left

rFire    . . .     SeeInvis .   J - +11 great mace of the Evil Eye {flame, rC+ Str+2}
rCold    + . .     Gourm    .   (shield currently unavailable)
rNeg     . . .     Faith    .   o - +0 ring mail
rPois    +         Spirit   .   (helmet restricted)
rElec    .         Reflect  .   M - +0 cloak "Doskez" {rPois Regen+ Str+3 Stlth-} (curse)
rCorr    .         Harm     .   (no gloves)
MR       .....                  j - +0 pair of boots
Stlth    ..........             (no amulet)
HPRegen  0.70/turn              v - +5 ring of strength
MPRegen  0.13/turn              f - ring of poison resistance

@: about to teleport
A: retaliatory headbutt, horns 2
a: Berserk, Trog's Hand, Brothers in Arms, Renounce Religion


You were on level 6 of the Lair of Beasts.
You worshipped Trog.
Trog was greatly pleased with you.
You were hungry.

You visited 6 branches of the dungeon, and saw 18 of its levels.

You collected 797 gold pieces.

Inventory:

Hand Weapons
 E - a +0 war axe
 J - the +11 great mace of the Evil Eye (weapon) {flame, rC+ Str+2}
   (You found it on level 8 of the Dungeon)

   It has been specially enchanted to burn those struck by it, causing extra
   injury to most foes and up to half again as much damage against particularly
   susceptible opponents.
   It affects your strength (+2).
   It protects you from cold.
Missiles
 x - 2 tomahawks (quivered)
Armour
 h - a +1 cloak of invisibility
 j - a +0 pair of boots (worn)
 o - a +0 ring mail (worn)
 M - the cursed +0 cloak "Doskez" (worn) {rPois Regen+ Str+3 Stlth-}
   (You found it on level 5 of the Lair of Beasts)

   It affects your strength (+3).
   It protects you from poison.
   It increases your rate of regeneration.
   It makes you less stealthy.
   It has a curse placed upon it.
Jewellery
 f - a ring of poison resistance (right hand)
 v - a +5 ring of strength (left hand)
 K - an uncursed ring of positive energy
 R - an uncursed ring of positive energy
Wands
 a - a wand of disintegration (18)
 e - a wand of iceblast (20)
 r - a wand of scattershot (4)
 w - a wand of polymorph (10)
 B - a wand of acid (7)
 C - a wand of digging (9)
 H - a wand of flame (25)
 P - a wand of random effects (17)
 S - a wand of paralysis (8)
Scrolls
 k - 3 scrolls of blinking
 l - 3 scrolls of enchant weapon
 p - 6 scrolls of fog
 q - a scroll of holy word {unknown}
 s - a scroll of identify
 y - 3 scrolls of vulnerability
 A - 10 scrolls of remove curse
 G - 4 scrolls of teleportation
 I - 2 scrolls of magic mapping
 L - a scroll of enchant armour
 N - 3 scrolls of immolation
 O - a scroll of fear
Potions
 b - 7 potions of curing
 d - a potion of cancellation
 g - 2 potions of berserk rage
 i - 4 potions of mutation
 m - a potion of ambrosia
 t - 3 potions of flight {unknown}
 u - a potion of agility {unknown}
 z - 4 potions of brilliance {unknown}
 D - 2 potions of haste
 F - a potion of resistance {unknown}
 Q - a potion of invisibility {unknown}
Comestibles
 c - 21 rations
 n - 6 chunks of flesh


   Skills:
 + Level 13.7 Fighting
 - Level 10.8(12.1) Axes
 + Level 9.3(11.4) Maces & Flails
 * Level 14.7 Armour
 * Level 13.6 Dodging


You had 12 spell levels left.
You didn't know any spells.
Your spell library was empty.

Dungeon Overview and Level Annotations

Branches:
Dungeon (8/15)             Temple (1/1) D:6            Lair (6/6) D:8
  Swamp (1/4) Lair:3        Snake (1/4) Lair:4        Slime (1/5) Lair:6

Altars:
Gozag
Hepliaklqana
Kikubaaqudgha
Nemelex Xobeh
Ru
Vehumet
Wu Jian
Yredelemnul

Shops:
D:4 *   D:5 !

Annotations:
D:8 3 runed doors


Innate Abilities, Weirdness & Mutations

You reflexively headbutt those who attack you in melee.
You have a pair of horns on your head.


Message History

The death yak gores you but does no damage.
The catoblepas gores you but does no damage.
The death yak gores you! The death yak gores you! The catoblepas gores you.
The death yak gores you but does no damage.
The death yak gores you but does no damage.
The yak snorts and paws the ground.
The catoblepas gores you!! The death yak gores you!! The death yak gores you!
The catoblepas gores you but does no damage.
The death yak gores you!!
* * * LOW HITPOINT WARNING * * *
You turn to flesh and can move again.
Okay, then.
As you read the scroll of teleportation, it crumbles to dust.
You feel strangely unstable. The death yak barely misses you.
The catoblepas gores you!!
* * * LOW HITPOINT WARNING * * *
The death yak gores you!!
You die...

#......### ##...##
PP##.†.## ##..###
######..## #P..## ###
##..# ##..P# #.###
##.###...## ##
....####........## ..##
.....##P...P###..##
....# ......#..P###
##YY##.....#
..##.....## #@YY..8.8..
...###.### ###Y8..P.8.
#...####### ....8....
##...###.P# .P..8.....
##.....P## ####....###
##......### #####
...8......###
.......8....#######
....8........P....#####


You could see 2 death yaks, a catoblepas and 2 yaks.

Vanquished Creatures
  Kirke (Lair:6)
  Harold (D:8)
  4 hydras
  2 catoblepae (Lair:6)
  9 death yaks
  An unseen horror (D:8)
  Pikel (D:8)
  2 manticores (Lair:6)
  6 elephants
  4 black mambas
  A torpor snail (Lair:6)
  12 spiny frogs
  An eye of devastation (Lair:6)
  A komodo dragon (Lair:5)
  The ghost of Gorgoleon the Destroyer, a novice DECj (D:5)
  7 polar bears
  15 blink frogs
  2 slime creatures (Lair:6)
  9 hippogriffs
  Sigmund (D:6)
  A wyvern (Lair:3)
  33 yaks
  3 basilisks
  6 hogs (Lair:6)
  Menkaure (D:5)
  3 nagas (Lair:4)
  10 water moccasins
  12 porcupines
  4 sky beasts
  2 ogres
  A phantom (D:4)
  2 black bears
  An eye of draining (Lair:6)
  9 wolves
  2 centaurs
  8 crocodiles
  A big kobold (D:8)
  Blork the orc (D:6)
  9 bullfrogs
  A scorpion (D:6)
  3 wights (D:7)
  4 electric eels
  5 howler monkeys
  A bullfrog zombie (D:6)
  A crimson imp (D:5)
  3 orc priests
  2 centaur zombies
  6 hounds
  2 jellies
  2 iguanas
  6 orc wizards
  5 worker ants
  A hound skeleton (D:8)
  A howler monkey skeleton (D:5)
  4 gnolls (D:4)
  11 adders
  2 shadow imps
  3 oozes
  An adder skeleton (D:4)
  An adder zombie (D:7)
  4 worms
  8 dart slugs
  6 leopard geckos
  14 orcs
  4 giant cockroaches
  2 gnoll zombies (D:3)
  6 goblins
  6 hobgoblins
  7 jackals
  12 kobolds
  5 quokkas
  3 bats
  A frilled lizard (D:3)
  A quokka skeleton (D:6)
  8 rats (D:1)
  A plant (Lair:6)
343 creatures vanquished.

Vanquished Creatures (others)
  A slave (D:8)
  A bullfrog (D:8)
  An iguana (D:8)
  2 worker ants (D:8)
  10 fungi
  7 plants
22 creatures vanquished.

Grand Total: 365 creatures vanquished

Notes
Turn   | Place    | Note
-------+----------+-------------------------------------------
     0 | D:1      | Hildebrand the Minotaur Berserker began the quest for the Orb.
     0 | D:1      | Reached XP level 1. HP: 19/19 MP: 0/0
    55 | D:1      | Reached XP level 2. HP: 11/27 MP: 1/1
   665 | D:1      | Reached ** piety under Trog
   926 | D:1      | Reached XP level 3. HP: 34/34 MP: 2/2
  1316 | D:2      | Reached XP level 4. HP: 41/41 MP: 3/3
  1400 | D:2      | Reached skill level 5 in Fighting
  1401 | D:2      | Reached skill level 5 in Axes
  1885 | D:3      | Found a radiant altar of Vehumet.
  1989 | D:3      | Reached XP level 5. HP: 5/48 MP: 4/4
  2354 | D:3      | Found a basalt altar of Yredelemnul.
  2623 | D:4      | Noticed a sky beast
  2633 | D:4      | Killed a sky beast
  2633 | D:4      | Reached XP level 6. HP: 35/58 MP: 5/5
  2814 | D:4      | Reached XP level 7. HP: 45/66 MP: 6/6
  2960 | D:4      | Reached *** piety under Trog
  3232 | D:4      | Found Eiykasch's Eclectic Emporium.
  3329 | D:5      | Entered Level 5 of the Dungeon
  3691 | D:5      | Found a sacrificial altar of Ru.
  3702 | D:5      | Noticed Menkaure
  3715 | D:5      | Killed Menkaure
  3934 | D:5      | Found Nugijong's Distillery.
  4224 | D:5      | Found a runed door.
  4230 | D:5      | Noticed Gorgoleon's ghost (novice DECj)
  4335 | D:5      | Reached XP level 8. HP: 62/77 MP: 7/7
  4460 | D:5      | Killed Gorgoleon's ghost
  4600 | D:6      | Reached skill level 3 in Armour
  4791 | D:6      | Found an ancient bone altar of Kikubaaqudgha.
  4791 | D:6      | Found a sparkling altar of Nemelex Xobeh.
  4940 | D:6      | Noticed Sigmund
  4944 | D:6      | Killed Sigmund
  4944 | D:6      | Reached skill level 4 in Armour
  5043 | D:6      | Found a staircase to the Ecumenical Temple.
  5054 | Temple   | Entered the Ecumenical Temple
  5212 | D:6      | Noticed Blork the orc
  5226 | D:6      | Reached XP level 9. HP: 68/85 MP: 8/8
  5230 | D:6      | Killed Blork the orc
  5285 | D:6      | Identified a scroll of acquirement
  5357 | D:7      | Reached skill level 10 in Fighting
  5385 | D:7      | Reached skill level 10 in Axes
  5385 | D:7      | Reached skill level 5 in Armour
  5828 | D:7      | Reached skill level 5 in Dodging
  7000 | D:7      | Reached skill level 6 in Armour
  7248 | D:8      | Noticed Pikel
  7256 | D:8      | Killed Pikel
  7268 | D:8      | Killed an unseen horror
  7268 | D:8      | Reached skill level 7 in Armour
  7303 | D:8      | Found an ornate altar of the Wu Jian Council.
  7420 | D:8      | Found a hazy altar of Hepliaklqana.
  7551 | D:8      | Found an opulent altar of Gozag.
  7572 | D:8      | Reached XP level 10. HP: 94/94 MP: 9/9
  7654 | D:8      | Got a fine great mace
  7661 | D:8      | Identified the +11 great mace of the Evil Eye {flame, rC+ Str+2} (You found it on level 8 of the Dungeon)
  7722 | D:8      | Noticed Harold
  7735 | D:8      | Killed Harold
  7735 | D:8      | Reached skill level 8 in Armour
  7872 | D:8      | Found a runed gate.
  7872 | D:8      | Found a runed gate.
  7872 | D:8      | Found a runed gate.
  7872 | D:8      | Noticed a brown ugly thing
  7872 | D:8      | Noticed a cyan very ugly thing
  7872 | D:8      | Noticed a green ugly thing
  7873 | D:8      | Noticed a green ugly thing
  7873 | D:8      | Noticed a purple ugly thing
  7874 | D:8      | Noticed a cyan ugly thing
  8032 | D:8      | Found a staircase to the Lair.
  8231 | Lair:1   | Entered Level 1 of the Lair of Beasts
  8264 | Lair:1   | Noticed a spiny frog
  8273 | Lair:1   | Killed a spiny frog
  8517 | Lair:1   | Reached skill level 1 in Maces & Flails
  8767 | Lair:1   | Reached skill level 9 in Armour
  8970 | Lair:1   | Noticed a spiny frog
  8975 | Lair:1   | Killed a spiny frog
  9177 | Lair:1   | Noticed a five-headed hydra
  9180 | Lair:1   | Noticed a black mamba
  9191 | Lair:1   | HP: 7/144 [five-headed hydra (10)]
  9193 | Lair:1   | Killed a five-headed hydra
  9193 | Lair:1   | Reached XP level 11. HP: 8/102 MP: 10/10
  9502 | Lair:1   | Reached skill level 10 in Armour
  9680 | Lair:2   | Noticed a five-headed hydra
  9688 | Lair:2   | Killed a five-headed hydra
 10698 | Lair:3   | Reached skill level 10 in Dodging
 10725 | Lair:3   | Reached skill level 5 in Maces & Flails
 10995 | Lair:3   | Found a staircase to the Swamp.
 11086 | Lair:3   | Reached skill level 11 in Armour
 11738 | Lair:3   | Reached **** piety under Trog
 11738 | Lair:3   | Reached XP level 12. HP: 103/112 MP: 11/11
 12003 | Swamp:1  | Entered Level 1 of the Swamp
 12003 | Swamp:1  | Noticed an alligator
 12003 | Swamp:1  | Noticed an alligator
 12056 | Lair:4   | Noticed a seven-headed hydra
 12067 | Lair:4   | Killed a seven-headed hydra
 12073 | Lair:4   | Reached skill level 12 in Armour
 12291 | Lair:4   | Noticed a death yak
 12291 | Lair:4   | Noticed a death yak
 12291 | Lair:4   | Noticed a death yak
 12291 | Lair:4   | Noticed a death yak
 12291 | Lair:4   | Noticed a death yak
 12292 | Lair:4   | Noticed a death yak
 12302 | Lair:4   | Killed a death yak
 12307 | Lair:4   | Killed a death yak
 12310 | Lair:4   | Killed a death yak
 12313 | Lair:4   | Killed a death yak
 12315 | Lair:4   | Killed a death yak
 12318 | Lair:4   | Killed a death yak
 12426 | Lair:4   | Noticed an eight-headed hydra
 12438 | Lair:4   | Killed an eight-headed hydra
 12520 | Lair:4   | Reached skill level 13 in Armour
 12645 | Lair:4   | Found a staircase to the Snake Pit.
 12723 | Snake:1  | Entered Level 1 of the Snake Pit
 13178 | Lair:5   | Reached XP level 13. HP: 61/122 MP: 12/12
 13432 | Lair:5   | Got a fine cloak
 13444 | Lair:5   | Identified the cursed +0 cloak "Doskez" {rPois Regen+ Str+3 Stlth-} (You found it on level 5 of the Lair of Beasts)
 13954 | Lair:6   | Entered Level 6 of the Lair of Beasts
 14080 | Lair:6   | Noticed Kirke
 14098 | Lair:6   | Killed Kirke
 14191 | Lair:6   | Reached skill level 14 in Armour
 14486 | Lair:6   | Found a staircase to the Slime Pits.
 14666 | Slime:1  | Entered Level 1 of the Pits of Slime
 14666 | Slime:1  | Noticed an acid blob
 15024 | Lair:6   | HP: 5/123 [catoblepas (23)]
 15024 | Lair:6   | Demolished by a death yak

Skill      XL: |  1  2  3  4  5  6  7  8  9 10 11 12 13 |
---------------+----------------------------------------+-----
Fighting       | 4 5 6 7 8 9 10 11 12 13 | 13.7
Axes           | 4 5 6 7 8 9 10 | 10.8
Armour         | 4 7 9 11 13 14 | 14.7
Dodging        | 4 6 9 10 12 13 | 13.6
Maces & Flails | 3 6 7 9 |  9.3

Action                   |  1- 3 |  4- 6 |  7- 9 | 10-12 | 13-15 || total
-------------------------+-------+-------+-------+-------+-------++-------
Melee: Hand axe          |    60 |   105 |   249 |       |       ||   414
       Headbutt          |    10 |    12 |    61 |    64 |    34 ||   181
       War axe           |       |       |    64 |     8 |       ||    72
       Great mace        |       |       |       |   288 |   148 ||   436
Invok: Trog's Hand       |       |     4 |    11 |    12 |     7 ||    34
       Berserk           |       |       |     2 |     5 |     1 ||     8
  Use: Scroll            |     7 |     4 |     6 |     6 |     2 ||    25
       Potion            |       |       |       |     1 |     1 ||     2
 Stab: Distracted        |       |       |     1 |       |       ||     1
  Eat: Chunk             |     1 |     6 |    11 |    14 |     9 ||    41
       Ration            |       |       |     3 |     4 |       ||     7
Armor: Animal skin       |    10 |       |       |       |       ||    10
       Ring mail         |     8 |    38 |   109 |    82 |    54 ||   291
Dodge: Dodged            |    29 |    56 |   177 |   291 |   145 ||   698
